 Dungeon Crawl Stone Soup version 0.19.1-1-g22dce08 (webtiles) character file.

65 Patate the Sneak (level 3, -4/16 HPs)
             Began as a Spriggan Enchanter on Jan 15, 2017.
             Slain by Natasha (7 damage)
             ... on level 2 of the Dungeon.
             The game lasted 00:07:08 (1588 turns).

Patate the Sneak (Spriggan Enchanter)               Turns: 1588, Time: 00:07:09

Health: -4/16      AC:  3    Str:  5    XL:     3   Next: 94%
Magic:  2/8        EV: 18    Int: 16    God:
Gold:   66         SH:  0    Dex: 16    Spells: 3 memorised, 1 level left

rFire  . . .     SeeInvis +     g - +2 dagger (speed)
rCold  + . .     Gourm    .     b - +1 robe
rNeg   . . .     Faith    .     (shield restricted)
rPois  .         Spirit   .     (helmet restricted)
rElec  .         Reflect  .     (no cloak)
rCorr  .         Harm     .     (gloves unavailable)
MR     .....                    (boots unavailable)
Stlth  ++++......               (no amulet)
                                (no ring)
                                e - ring of protection from cold

@: very slightly contaminated, slowed, quick
A: unfitting armour, see invisible, herbivore 3, speed 3, slow metabolism 2
a: no special abilities


You were on level 2 of the Dungeon.
You were not hungry.

You visited 1 branch of the dungeon, and saw 2 of its levels.

You collected 66 gold pieces.

Inventory:

Hand Weapons
 g - a +2 dagger of speed (weapon)
Armour
 b - a +1 robe (worn)
Jewellery
 e - a ring of protection from cold (left hand)
Potions
 a - a potion of berserk rage {unknown}
 i - a potion of resistance {unknown}
Books
 c - a book of Maledictions

   Spells                             Type                      Level
   a - Corona                         Hexes                        1
   b - Ensorcelled Hibernation        Hexes/Ice                    2
   c - Confuse                        Hexes                        3
   d - Tukima's Dance                 Hexes                        3
   e - Dazzling Spray                 Conjuration/Hexes            3
Comestibles
 d - 2 bread rations


   Skills:
 - Level 1.1 Short Blades
 + Level 3.1 Dodging
 - Level 7.4 Stealth
 - Level 2.6 Spellcasting
 - Level 3.6 Hexes


You had one spell level left.
You knew the following spells:

 Your Spells              Type           Power        Failure   Level  Hunger
a - Corona                Hex            ##.....      6%          1    #......
b - Ensorcelled Hibernat  Hex/Ice        #.....       17%         2    ##.....
c - Confuse               Hex            ##......     14%         3    ###....


Dungeon Overview and Level Annotations

Branches:
Dungeon (2/15)

Altars:
Kikubaaqudgha
Okawaru
Qazlal
Uskayaw
Zin

Annotations:
D:2 Natasha


Innate Abilities, Weirdness & Mutations

You are very small and have problems with some larger weapons.
You are too small for most types of armour.
You have supernaturally acute eyesight. (SInv)
You are a herbivore.
You cover ground extremely quickly.
You need consume almost no food.


Message History

You feel as though you will be slow longer.
Natasha casts a spell at you. The magic dart hits you!
* * * LOW HITPOINT WARNING * * *
You see here 17 stones.
Natasha casts a spell at you. You resist with some effort.
Found a meat ration.
Natasha closely misses you.
Found a gold piece.
Natasha misses you.
Natasha stares at you and mumbles some strange words.
You resist with some effort.
Natasha casts a spell.
Natasha claws you.
* * * LOW HITPOINT WARNING * * *
The crimson imp puffs mist at you.
Natasha mewls in sadness.
Natasha claws you!
You die...

#.#..##.##.....# #.#.##
#.#.###.##....$# #.#..#
#.#.###.##.....# #.##.#
#.......##.....# #.##.#
###.######%....# #.[... #.#
######.########.# #.#
#.5..........##.#
####.###h#####.####.##.#
#......@...†...##.<....#
######.##.##..##.....(......#
#.......#.##..##.##.#.##..#.#
#####.####>.#.....PPPPPPPPPPP.P.#
......####..####..P.........P.P.#
.........#..# #..P.P.PPP.PPP.P.#
......##.#... ...P.P.P...P ..P.#
......##.##.##


###P.PPPPP.PPP.P.# ............# P . P.. ..P.# You could see Natasha and a
crimson imp.

Vanquished Creatures
  Natasha (D:2)
  An ooze (D:1)
  A dart slug (D:1)
  2 leopard geckos (D:2)
  A ball python (D:1)
  4 bats
  2 giant cockroaches (D:1)
  5 goblins (D:1)
  A hobgoblin (D:2)
  3 jackals (D:2)
  2 frilled lizards (D:1)
  2 kobolds (D:1)
  7 rats
32 creatures vanquished.

Notes
Turn   | Place    | Note
-------+----------+-------------------------------------------
     0 | D:1      | Patate the Spriggan Enchanter began the quest for the Orb.
     0 | D:1      | Reached XP level 1. HP: 9/9 MP: 5/5
   272 | D:1      | Reached skill level 5 in Stealth
   362 | D:1      | Reached XP level 2. HP: 13/13 MP: 6/6
   540 | D:1      | Reached skill level 6 in Stealth
   684 | D:1      | Learned a level 2 spell: Ensorcelled Hibernation
  1057 | D:2      | Reached XP level 3. HP: 16/16 MP: 8/8
  1170 | D:2      | Found a hide-covered altar of Uskayaw.
  1190 | D:2      | Found a stormy altar of Qazlal.
  1190 | D:2      | Found a glowing silver altar of Zin.
  1193 | D:2      | Found an ancient bone altar of Kikubaaqudgha.
  1204 | D:2      | Found an iron altar of Okawaru.
  1238 | D:2      | Noticed Natasha
  1278 | D:2      | Killed Natasha
  1278 | D:2      | Reached skill level 7 in Stealth
  1283 | D:2      | Learned a level 3 spell: Confuse
  1298 | D:2      | Noticed Natasha
  1588 | D:2      | Slain by Natasha

Skill      XL: |  1  2  3 |
---------------+----------+-----
Stealth        | 5 6 7 |  7.4
Short Blades   | |  1.1
Dodging        | |  3.1
Spellcasting   | |  2.6
Hexes          | |  3.6

Action                   || total
-------------------------++-------
Melee: Dagger            ||   139
 Cast: Confuse           ||     2
  Use: Scroll            ||     1
 Stab: Sleeping          ||     6
       Distracted        ||     1
Armor: Robe              ||    11
Dodge: Dodged            ||   122
